Map: World of Sleepers LE

Players

tambykojak - Winner!

  • Race: Protoss Protoss
  • League: Master
  • Spawn Location: 7:00

IIIIIIIIIIII

  • Race: Terran Terran
  • League: Diamond
  • Spawn Location: 1:00

VOD

Have the link to the VOD?

Description

Time

  • Played on: Nov. 25, 2019, 5:45 p.m.
  • Length: 9:04
Show
View Real Time Build Order
Export as new Build Order

tambykojak Protoss - Winner!

Build Orders:  

Get SALT Encoding   

  12  0:01  Probe  
  13  0:13  Probe  
  14  0:25  Probe  
  15  0:38  Pylon  
  15  0:56  Probe  
  16  0:57  Gateway  
  16  1:02  Assimilator  
  16  1:08  Probe  
  17  1:16  Pylon  
  17  1:20  Probe  
  18  1:32  Probe  
  19  1:43  Zealot (Chrono Boost)  
  19  1:44  Cybernetics Core  
  21  1:47  Probe  
  22  2:00  Probe  
  23  2:04  Pylon, Zealot  
  26  2:15  Probe  
  26  2:30  Stalker (Chrono Boost)  
  26  2:36  Nexus  
  28  2:47  Probe  
  28  2:53  Stalker (Chrono Boost)  
  30  2:59  Assimilator, Probe  
  30  3:03  Pylon  
  29  3:33  Stalker  
  29  3:44  Robotics Facility  
  29  3:46  Gateway  
  29  3:48  Gateway  
  29  3:53  Probe (Chrono Boost)  
  31  3:59  Warp Gate (Chrono Boost), Probe (Chrono Boost)  
  31  4:02  Probe (Chrono Boost)  
  32  4:06  Probe (Chrono Boost)  
  32  4:07  Gateway  
  32  4:08  Gateway  
  32  4:09  Probe  
  34  4:17  Probe  
  33  4:28  Probe  
  33  4:29  Probe  
  32  4:40  Probe  
  32  4:42  Immortal (Chrono Boost)  
  35  4:53  Probe (Chrono Boost)  
  35  4:58  Probe (Chrono Boost)  
  35  4:59  Twilight Council  
  37  5:01  Pylon  
  37  5:02  Probe (Chrono Boost)  
  37  5:06  Probe (Chrono Boost)  
  38  5:27  Probe x2  
  40  5:31  Observer  
  41  5:41  Stalker x5  
  48  5:53  Blink  
  50  5:57  Probe (Chrono Boost)  
  50  6:02  Probe (Chrono Boost)  
  50  6:05  Observer  
  50  6:10  Probe x2 (Chrono Boost)  
  50  6:11  Assimilator  
  52  6:12  Assimilator  
  52  6:16  Stalker  
  52  6:17  Stalker, Zealot  
  59  6:19  Zealot  
  59  6:21  Probe  
  62  6:26  Probe  
  63  6:33  Probe  
  63  6:38  Probe  
  65  6:44  Robotics Bay  
  65  6:45  Probe  
  66  6:50  Probe  
  67  6:57  Probe  
  67  7:00  Observer (Chrono Boost)  
  69  7:02  Probe  
  69  7:03  Pylon x2  
  69  7:05  Pylon  
  69  7:06  Pylon  
  70  7:21  Probe x2  
  72  7:34  Zealot x5  
  51  7:47  Probe x2  
  51  7:48  Colossus (Chrono Boost)  
  53  7:58  Stalker x2  
  63  7:59  Probe x2  
  63  8:00  Sentry  
  66  8:40  Stalker x4  
Show
View Real Time Build Order
Export as new Build Order

IIIIIIIIIIII Terran 

Build Orders: Gas First Reaper Expand, Liberator Opening 

Get SALT Encoding   

  12  0:00  SCV  
  13  0:13  SCV  
  14  0:17  Supply Depot  
  14  0:25  SCV  
  15  0:32  Refinery  
  15  0:39  SCV  
  16  0:45  Barracks  
  16  0:51  SCV  
  17  1:03  SCV  
  18  1:15  SCV  
  19  1:31  Orbital Command  
  19  1:32  Reaper  
  20  1:45  Command Center  
  20  1:56  Factory  
  20  1:58  SCV  
  21  2:09  Refinery  
  21  2:10  SCV  
  21  2:13  Barracks Reactor  
  21  2:27  SCV  
  22  2:38  Bunker  
  22  2:41  SCV  
  23  2:49  Widow Mine  
  23  2:55  Starport  
  23  3:12  Marine  
  23  3:14  Marine, SCV  
  24  3:23  Liberator  
  24  3:29  Marine  
  24  3:32  Marine, Widow Mine  
  26  3:40  SCV  
  30  3:44  Barracks  
  30  3:47  Marine  
  30  3:48  Bunker  
  31  3:57  Factory Tech Lab  
  31  3:58  Supply Depot  
  31  4:05  Supply Depot  
  31  4:18  Barracks  
  31  4:20  SCV  
  32  4:29  Marine x2  
  34  4:39  SCV  
  35  4:50  Marine x2  
  35  4:51  SCV  
  37  4:55  Starport Reactor  
  37  4:57  Factory Reactor  
  37  4:58  Marine, Stimpack  
  38  5:06  Marine  
  39  5:07  Supply Depot  
  39  5:12  SCV  
  40  5:16  Marine  
  40  5:19  Marine x2  
  43  5:23  Marine  
  43  5:27  SCV  
  45  5:34  Marine  
  45  5:35  Medivac  
  48  5:36  Medivac  
  48  5:37  Marine x2  
  52  5:55  Supply Depot  
  52  5:57  Supply Depot  
  49  6:03  Marauder  
  51  6:13  Marine x4  
  55  6:24  Marine  
  53  6:27  Medivac  
  53  6:42  Marauder  
  53  6:43  Marine  
  53  6:44  Marine  
  53  6:45  Combat Shield  
  57  6:54  Medivac  
  57  6:55  Marine x2  
  61  7:02  Supply Depot  
  61  7:04  Marauder  
  63  7:11  Widow Mine  
  63  7:13  Marine x2, Medivac  
  69  7:19  Marine  
  69  7:22  Marine  
  71  7:25  Marauder  
  72  7:31  Marine  
  72  7:35  Marine  
  74  7:50  Marauder  
  75  8:01  Medivac  
  75  8:03  Command Center  
  77  8:06  Supply Depot  
  77  8:15  Marine  
  78  8:22  Marine  
  79  8:28  Marine, Marauder  
Tags
 
Add a new tag
Caveats
  • Supply blocks, unpowered buildings, or Contaminate may cause inaccurate times.
  • Supply counts are checked every 10 seconds.